 Dungeon Crawl Stone Soup version 0.27.0-1-g7a089689b8 (webtiles) character file.

Game seed: 17967921402820626703

95 Gnirx the Digger (level 4, -4/27 HPs)
             Began as a Gargoyle Earth Elementalist on Aug 13, 2021.
             Killed from afar by Ijyb (12 damage)
             ... with an iceblast
             ... on level 3 of the Dungeon.
             The game lasted 00:04:43 (3334 turns).

Gnirx the Digger (Gargoyle Earth Elementalist)      Turns: 3334, Time: 00:04:44

Health: -4/27      AC:  7    Str: 11    XL:     4   Next: 65%
Magic:  6/8        EV: 11    Int: 17    God:
Gold:   117        SH:  0    Dex: 10    Spells: 3/9 levels left

rFire    . . .     SeeInvis .   j - +0 mace
rCold    . . .     Faith    .   (no shield)
rNeg     + . .     Spirit   .   b - +0 robe
rPois    ∞         Reflect  .   h - +1 helmet
rElec    +         Harm     .   (no cloak)
rCorr    .         Rampage  .   (no gloves)
Will     .....                  (no boots)
Stlth    ++........             (no amulet)
HPRegen  0.09/turn              (no ring)
MPRegen  0.11/turn              (no ring)

@: no status effects
A: sickness immunity, AC +3, negative energy resistance 1, electricity
resistance, torment resistance 1, petrification resistance
a: no special abilities


You were on level 3 of the Dungeon.
You visited 1 branch of the dungeon, and saw 3 of its levels.

You collected 117 gold pieces.

Inventory:

Hand Weapons
 d - a +0 dagger
 f - a +0 short sword
 j - a +0 mace (weapon)
Missiles
 c - 55 stones
Armour
 b - a +0 robe (worn)
 g - a +0 robe
 h - a +1 helmet (worn)
Scrolls
 k - a scroll of identify {unknown}
Potions
 a - a potion of flight {unknown}
 e - a potion of might {unknown}
 i - a potion of attraction {unknown}


   Skills:
 + Level 2.4 Fighting
 - Level 1.5 Dodging
 - Level 2.1 Stealth
 + Level 3.0 Spellcasting
 - Level 0.7 Transmutations
 + Level 4.6 Earth Magic


You had 3 spell levels left.
You knew the following spells:

 Your Spells              Type           Power      Damage    Failure   Level
a - Sandblast             Erth           36%        2d10      2%          1
b - Passwall              Tmut/Erth      9%         N/A       9%          2
c - Stone Arrow           Conj/Erth      20%        3d8       21%         3

Your spell library contained the following spells:

 Spells                   Type           Power      Damage    Failure   Level
 Foxfire                  Conj/Fire      8%         2x1d4     17%         1
 Conjure Flame            Conj/Fire      2%         6-21      45%         3
 Inner Flame              Hex/Fire       2%         N/A       45%         3
 Petrify                  Tmut/Erth      11%        N/A       50%         4


Dungeon Overview and Level Annotations

Branches:
Dungeon (3/15)

Altars:

Annotations:
D:3 Ijyb


Innate Abilities, Weirdness & Mutations

You are immune to sickness and miasma.
Your stone body is resilient. (AC +3)
You are immune to poison.
You resist negative energy. (rN+)
You are resistant to electric shocks. (rElec)
You are resistant to unholy torment.
You are immune to petrification.


Message History

No target in view!
No target in view!
No target in view!
No target in view!
No target in view!
No target in view!
No target in view!
No target in view!
No target in view!
No target in view!
No target in view!
No target in view!
No target in view!
Things that are here:
a +0 short sword; a kobold corpse A goblin and Ijyb come into view.
Ijyb is wielding a +0 dagger and carrying a wand of iceblast (11).
Ijyb shouts!
The goblin shouts!
You barely miss the goblin.
An orc comes into view. It is wielding a +0 flail.
The goblin closely misses you.
The orc shouts!
You hit the goblin but do no damage. The goblin misses you.
Ijyb zaps a wand.
The mass of ice explodes!
The iceblast engulfs you!!
Ouch! That really hurt!
The iceblast engulfs the goblin!!
The goblin dies!
Aiming: Sandblast (safe; 2% risk of failure)
Press: ? - help, Q - select action, (/) - cycle Shift-Dir - straight line, f - Ijyb
Aim: Ijyb, wielding a +0 dagger, wearing a +0 ring mail and carrying a wand of iceblast (10) (77% to hit)
The blast of sand misses Ijyb.
Aiming: Sandblast (safe; 2% risk of failure)
Press: ? - help, Q - select action, (/) - cycle Shift-Dir - straight line, f/p - Ijyb
Aim: Ijyb, wielding a +0 dagger, wearing a +0 ring mail and carrying a wand of iceblast (10) (77% to hit)
The blast of sand hits Ijyb.
Ijyb is lightly wounded.
Ijyb hits you with a +0 dagger.
* * * LOW HITPOINT WARNING * * *
Ijyb zaps a wand.
The mass of ice explodes!
The iceblast engulfs you!
You die...

..# #.# #.# ###.#
...# .. #..#
....##.)#
.....<..########
....#...og.@...# #
##.#######.# ## #.#
#.# ##+## ##.#
##...## #..#
##.....## ##.##
##.......## ##..#
#.........####...##


You could see Ijyb and an orc.

Vanquished Creatures
  Jessica (D:2)
  Robin (D:1)
  3 dart slugs
  2 endoplasms
  4 giant cockroaches
  12 goblins
  8 hobgoblins
  2 quokkas
  4 ball pythons
  4 bats
  2 frilled lizards (D:1)
  3 kobolds
  2 rats
48 creatures vanquished.

Vanquished Creatures (others)
  A goblin (D:3)
  7 toadstools (D:1)
8 creatures vanquished.

Grand Total: 56 creatures vanquished

Notes
Turn   | Place    | Note
-------+----------+-------------------------------------------
     0 | D:1      | Gnirx the Gargoyle Earth Elementalist began the quest for
                  | the Orb.
     0 | D:1      | Reached XP level 1. HP: 10/10 MP: 3/3
   590 | D:1      | Reached XP level 2. HP: 16/16 MP: 5/5
   757 | D:1      | Reached skill level 1 in Fighting
   964 | D:1      | Reached skill level 4 in Earth Magic
  1726 | D:2      | Noticed Robin
  1731 | D:2      | Reached XP level 3. HP: 12/20 MP: 4/6
  2031 | D:2      | Noticed Jessica
  2203 | D:2      | Killed Jessica
  2204 | D:2      | Reached XP level 4. HP: 26/26 MP: 4/8
  2518 | D:1      | Killed Robin
  2974 | D:2      | Learned a level 2 spell: Passwall
  2986 | D:2      | Learned a level 3 spell: Stone Arrow
  3325 | D:3      | Noticed Ijyb
  3334 | D:3      | Killed from afar by Ijyb

Illustrated notes

Levels and vault maps discovered:
D:1:      nagdon_arrival_double_spiral, layout_basic, minmay_misc_feat_x,
          st_stairs_11
D:2:      layout_rooms, uniq_robin, uniq_jessica
D:3:      cheibrodos_fertilizer, layout_loops_corners,
          gammafunk_temple_overflow_elements, gup_sewer_entry_glass, uniq_ijyb,
          uniq_natasha

Skill      XL: |  1  2  3  4 |
---------------+-------------+-----
Fighting       | 1 2 |  2.4
Earth Magic    | 4 |  4.6
Spellcasting   | 3 |  3.0
Dodging        | |  1.5
Stealth        | |  2.1
Transmutations | |  0.7

Action                   |  1- 3 |  4- 6 || total
-------------------------+-------+-------++-------
Melee: Dagger            |    72 |       ||    72
       Unarmed           |     6 |       ||     6
       Short sword       |    13 |    41 ||    54
       Mace              |       |    29 ||    29
 Cast: Sandblast         |    19 |    18 ||    37
 Stab: Sleeping          |     1 |     2 ||     3
Armor: Robe              |    44 |    29 ||    73
Dodge: Dodged            |    79 |    69 ||   148
